 Dungeon Sprint DCSS version 0.17-a0-1719-g1afd5a1 (webtiles) character file.

7900000 ztt the Plane Walker (level 27, -59/273 HPs)
             Began as a Ghoul Warper on Aug 27, 2015.
             Was the Champion of Makhleb.
             Annihilated by a sculptor of flesh
             ... wielding a +9 great sword
              (283 damage)
             ... in the Dungeon (Sprint VIII: "Arena of Blood").
             The game lasted 00:02:10 (79 turns).

ztt the Plane Walker (Ghoul Warper)                   Turns: 79, Time: 00:02:10

Health: -59/273    AC:  6    Str: 19    XL:     27
Magic:  20/53      EV: 32    Int:  8    God:    Makhleb [******]
Gold:   0          SH:  0    Dex: 17    Spells: 1 memorised, 79 levels left

rFire  . . .     SeeInvis +     l - +∞ Axe of Woe
rCold  + . .     Clarity  .     b - +0 leather armour
rNeg   + + +     SustAt   .     (no shield)
rPois  ∞         Gourm    .     (no helmet)
rElec  .         Spirit   .     (no cloak)
rCorr  .         Warding  .     (no gloves)
rMut   .         NoTele   +     (no boots)
MR     ++...                    (no amulet)
Stlth  +++++++++.               (no ring)
                                m - ring of see invisible

@: rotting, very resistant to hostile enchantments, incredibly stealthy
A: rotting body, claws 1, carnivore 3, cold resistance 1, negative energy
resistance 3, slow healing 1, torment resistance, unbreathing
a: Minor Destruction, Lesser Servant of Makhleb, Major Destruction, Greater
Servant of Makhleb, Renounce Religion


You were in the Dungeon.
You worshipped Makhleb.
Makhleb was exalted by your worship.
You were not hungry.

You visited 1 branch

Inventory:

Hand weapons
 a - a +0 hand axe
 l - the +∞ Axe of Woe (weapon)
   (You found it in the Dungeon)
Missiles
 e - 5 tomahawks of dispersal (quivered)
Armour
 b - a +0 leather armour (worn)
Jewellery
 m - a ring of see invisible (left claw)
Scrolls
 d - 2 scrolls of blinking
Potions
 g - a potion of curing
 h - a potion of heal wounds
 i - a potion of haste
 j - 2 potions of magic
 k - a potion of berserk rage
Books
 c - a book of Spatial Translocations

   Spells                             Type                      Level
   a - Apportation                    Translocation                1
   b - Blink                          Translocation                2
   c - Shroud of Golubria             Charms/Translocation         2
   d - Portal Projectile              Translocation                3
   e - Teleport Other                 Translocation                3
   f - Passage of Golubria            Translocation                4
Comestibles
 f - a meat ration


   Skills:
 O Level 27 Fighting
 O Level 27 Axes
 O Level 27 Throwing
 O Level 27 Armour
 O Level 27 Dodging
 O Level 27 Stealth
 O Level 27 Unarmed Combat
 O Level 27 Spellcasting
 O Level 27 Translocations
 O Level 27 Invocations


You had 79 spell levels left.
You knew the following spells:

 Your Spells              Type           Power        Failure   Level  Hunger
a - Apportation           Tloc           ######....   0%          1    None


Dungeon Overview and Level Annotations

Branches:
Dungeon (1/1)

Altars:
Makhleb


Innate Abilities, Weirdness & Mutations

Your body is rotting away.
You thrive on raw meat.
You are immune to poison.
You have sharp fingernails.
You are carnivorous and can eat meat at any time.
Your flesh is cold resistant.
You are immune to negative energy.
You heal slowly when monsters are visible.
You are immune to unholy pain and torment.
You can survive without breathing.


Message History

Makhleb accepts your kill.
You feel better.
You feel extremely nervous for a moment...
You feel terrible.
You chop the tentacled monstrosity into pieces!!!
You fatally mangle the tentacled monstrosity.
You kill the tentacled monstrosity!
You cut the large abomination into ribbons!!!
You hew the large abomination savagely.
You destroy the large abomination!
You hear a shout! x7
Unknown command.
You hear a shout! x5
The tyrant mumbles some strange words.
The tyrant seems to speed up.
You hear a shout!
You convulse!
The sculptor of flesh hits you with a +9 great sword!!!!!
Ouch! That really hurt!
You die...

.......)###.......
.....###...)...###..
.......#.)).%..#..
.......#.)))).%#...
.........))).......
.#...D%...)........
#...W..X......%...#
.#....z..LX..%..##.
#.....#@%XX)..%#..
....o%D..WX))..#...
.....##)#))))......
........W)..)......
.####....#)....####
.........%......#
........%.........
###...............
################


You could see a tyrant, 2 eight-headed meat hydras, a sculptor of flesh, 5 large
abominations, 2 wretched souls, a dread and a bag of meat.

Vanquished Creatures
  A hell beast (D)
  6 greater mummies (D)
  A wraith (D)
  Harold (D)
  8 vampire knights (D)
  16 ogres (D)
  3 liches (D)
  29 orcs (D)
  4 hill giants (D)
  3 skeletal warriors (D)
  2 large abominations (D)
  6 small abominations (D)
  3 crawling corpses (D)
83 creatures vanquished.

Vanquished Creatures (others)
  7 crawling corpses (D)
7 creatures vanquished.

Grand Total: 90 creatures vanquished

Notes
Turn   | Place    | Note
--------------------------------------------------------------
     0 | D        | ztt the Ghoul Warper began the quest for the Orb.
     0 | D        | Reached XP level 1. HP: 17/17 MP: 2/2
     3 | D        | Noticed a bag of meat
     3 | D        | Noticed a meat berserker
     4 | D        | Killed a meat berserker
     4 | D        | Reached skill level 12 in Fighting
     4 | D        | Reached skill level 20 in Translocations
     4 | D        | Reached XP level 2. HP: 20/42 MP: 2/14
     4 | D        | Reached XP level 3. HP: 23/49 MP: 2/15
     4 | D        | Reached XP level 4. HP: 26/57 MP: 2/17
     4 | D        | Reached XP level 5. HP: 28/63 MP: 2/18
     4 | D        | Reached XP level 6. HP: 31/71 MP: 2/20
     4 | D        | Reached XP level 7. HP: 34/78 MP: 2/21
     4 | D        | Reached XP level 8. HP: 37/85 MP: 2/23
     4 | D        | Reached XP level 9. HP: 40/92 MP: 2/24
     4 | D        | Reached XP level 10. HP: 43/100 MP: 2/25
     4 | D        | Reached XP level 11. HP: 45/106 MP: 2/26
     4 | D        | Reached XP level 12. HP: 47/113 MP: 2/27
     4 | D        | Reached XP level 13. HP: 49/119 MP: 2/28
     6 | D        | Became a worshipper of Makhleb the Destroyer
     7 | D        | Noticed a bag of meat
     7 | D        | Killed a bag of meat
     7 | D        | Reached skill level 21 in Translocations
     7 | D        | Reached XP level 14. HP: 52/132 MP: 2/30
     8 | D        | Killed a bag of meat
     8 | D        | Acquired Makhleb's first power
     8 | D        | Reached skill level 15 in Fighting
     8 | D        | Reached skill level 5 in Throwing
     8 | D        | Reached skill level 23 in Translocations
     9 | D        | Noticed a bag of meat
    11 | D        | Noticed a bag of meat
    11 | D        | Killed a bag of meat
    11 | D        | Reached skill level 24 in Translocations
    11 | D        | Reached XP level 15. HP: 55/144 MP: 3/32
    12 | D        | Noticed a bag of meat
    13 | D        | Noticed a bag of meat
    13 | D        | Noticed a bag of meat
    13 | D        | Noticed a bag of meat
    13 | D        | Noticed a meat berserker
    13 | D        | Noticed a meat berserker
    14 | D        | Noticed a bag of meat
    14 | D        | Noticed a bag of meat
    14 | D        | Noticed a bag of meat
    15 | D        | Noticed a bag of meat
    15 | D        | Noticed a bag of meat
    16 | D        | Killed a meat berserker
    16 | D        | Acquired Makhleb's second power
    16 | D        | Reached skill level 15 in Axes
    16 | D        | Reached skill level 15 in Spellcasting
    16 | D        | Reached skill level 26 in Translocations
    16 | D        | Reached XP level 16. HP: 59/155 MP: 5/34
    16 | D        | Killed a bag of meat
    16 | D        | Reached skill level 15 in Dodging
    16 | D        | Reached skill level 27 in Translocations
    17 | D        | Noticed a meat berserker
    17 | D        | Killed a meat berserker
    17 | D        | Acquired Makhleb's third power
    17 | D        | Reached XP level 17. HP: 61/172 MP: 5/37
    17 | D        | Killed a bag of meat
    17 | D        | Killed a bag of meat
    18 | D        | Noticed a meat berserker
    18 | D        | Killed a bag of meat
    18 | D        | Acquired Makhleb's fourth power
    18 | D        | Reached XP level 18. HP: 162/189 MP: 5/40
    18 | D        | Killed a bag of meat
    19 | D        | Noticed a bag of meat
    19 | D        | Noticed a meat berserker
    19 | D        | Killed a bag of meat
    20 | D        | Noticed a bag of meat
    20 | D        | Noticed a meat berserker
    21 | D        | Noticed a large bag of meat
    21 | D        | Noticed a destroyer
    21 | D        | Killed a bag of meat
    21 | D        | Acquired Makhleb's fifth power
    21 | D        | Killed a bag of meat
    21 | D        | Reached XP level 19. HP: 202/206 MP: 6/43
    22 | D        | Killed a meat berserker
    22 | D        | Reached skill level 27 in Fighting
    22 | D        | Reached skill level 10 in Armour
    22 | D        | Killed a meat berserker
    22 | D        | Reached skill level 27 in Axes
    22 | D        | Reached skill level 10 in Throwing
    23 | D        | Killed a meat berserker
    23 | D        | Reached XP level 20. HP: 216/216 MP: 6/49
    24 | D        | Noticed a destroyer
    24 | D        | Noticed a destroyer
    25 | D        | Killed a destroyer
    25 | D        | Reached skill level 27 in Dodging
    25 | D        | Reached skill level 27 in Spellcasting
    25 | D        | Killed a bag of meat
    25 | D        | Reached skill level 15 in Throwing
    25 | D        | Reached XP level 21. HP: 224/224 MP: 7/51
    25 | D        | Killed a destroyer
    26 | D        | Killed a meat berserker
    26 | D        | Reached skill level 27 in Armour
    26 | D        | Reached XP level 22. HP: 233/233 MP: 7/52
    27 | D        | Killed a bag of meat
    27 | D        | Killed a large bag of meat
    28 | D        | Noticed a meat berserker
    28 | D        | Noticed a meat berserker
    29 | D        | Killed a bag of meat
    29 | D        | Reached skill level 27 in Throwing
    29 | D        | Killed a destroyer
    30 | D        | Noticed a bag of meat
    30 | D        | Noticed a bag of meat
    31 | D        | Noticed a bag of meat
    31 | D        | Noticed a sculptor of flesh
    32 | D        | Noticed a bag of meat
    32 | D        | Noticed a bag of meat
    32 | D        | Noticed a large bag of meat
    33 | D        | Killed a meat berserker
    33 | D        | Reached XP level 23. HP: 216/240 MP: 9/53
    33 | D        | Killed a bag of meat
    34 | D        | Noticed a meat berserker
    34 | D        | Noticed a large bag of meat
    34 | D        | Noticed a bag of meat
    35 | D        | Noticed a sculptor of flesh
    35 | D        | Killed a meat berserker
    36 | D        | Noticed a bag of meat
    37 | D        | Killed a bag of meat
    37 | D        | Killed a large bag of meat
    37 | D        | Killed a bag of meat
    37 | D        | Reached skill level 27 in Stealth
    37 | D        | Reached XP level 24. HP: 201/249 MP: 10/53
    38 | D        | Noticed a bag of meat
    39 | D        | Noticed The Servant
    39 | D        | Noticed a bag of meat
    39 | D        | Killed a bag of meat
    39 | D        | Reached skill level 27 in Unarmed Combat
    39 | D        | Reached skill level 27 in Invocations
    39 | D        | Killed a bag of meat
    39 | D        | Killed a bag of meat
    39 | D        | Killed a bag of meat
    40 | D        | Killed a sculptor of flesh
    41 | D        | Noticed a meat berserker
    41 | D        | Killed a meat berserker
    41 | D        | Reached XP level 25. HP: 257/257 MP: 10/53
    43 | D        | Noticed a destroyer
    43 | D        | Noticed a bag of meat
    43 | D        | Killed a sculptor of flesh
    44 | D        | Noticed a destroyer
    45 | D        | Noticed a bag of meat
    45 | D        | Noticed an accursed
    45 | D        | Killed a bag of meat
    46 | D        | Noticed a large bag of meat
    46 | D        | Killed a bag of meat
    47 | D        | Noticed an accursed
    47 | D        | Killed a large bag of meat
    47 | D        | Killed a destroyer
    47 | D        | Killed a meat berserker
    47 | D        | Reached XP level 26. HP: 230/266 MP: 12/53
    47 | D        | Noticed a tyrant
    48 | D        | Noticed a sculptor of flesh
    48 | D        | Noticed a bag of meat
    48 | D        | Noticed a destroyer
    49 | D        | Killed The Servant
    49 | D        | Killed a destroyer
    49 | D        | Killed a bag of meat
    49 | D        | Reached XP level 27. HP: 247/273 MP: 12/53
    50 | D        | Noticed a meat berserker
    50 | D        | Noticed a destroyer
    50 | D        | Killed an accursed
    50 | D        | Killed a large bag of meat
    51 | D        | Noticed a bag of meat
    51 | D        | Killed an accursed
    51 | D        | Killed a bag of meat
    52 | D        | Noticed an accursed
    52 | D        | Killed a bag of meat
    53 | D        | Noticed a tyrant
    53 | D        | Noticed a meat berserker
    53 | D        | Killed a tyrant
    54 | D        | Noticed a tyrant
    54 | D        | Killed a meat berserker
    54 | D        | Killed a bag of meat
    55 | D        | Noticed an accursed
    57 | D        | Noticed an accursed
    57 | D        | Killed a destroyer
    57 | D        | HP: 8/273 [accursed/divine providence (10)]
    58 | D        | Noticed a meat berserker
    58 | D        | Killed a destroyer
    60 | D        | Killed a sculptor of flesh
    61 | D        | Noticed a bag of meat
    61 | D        | Noticed an accursed
    61 | D        | Noticed a meat beast
    62 | D        | Killed a meat berserker
    63 | D        | Killed a bag of meat
    64 | D        | Noticed a destroyer
    64 | D        | Noticed a dread
    64 | D        | Killed a tyrant
    65 | D        | Noticed a meat berserker
    65 | D        | Killed a meat berserker
    66 | D        | Killed a tyrant
    66 | D        | Killed a meat beast
    68 | D        | Killed an accursed
    69 | D        | Noticed a tyrant
    69 | D        | Killed a destroyer
    70 | D        | Noticed a meat berserker
    70 | D        | Killed a meat berserker
    71 | D        | Killed a bag of meat
    72 | D        | Noticed a sculptor of flesh
    73 | D        | Noticed a dread
    73 | D        | Killed a dread
    74 | D        | Noticed a bag of meat
    74 | D        | Killed a meat berserker
    75 | D        | Noticed a bag of meat
    76 | D        | Noticed a wretched soul
    76 | D        | Killed an accursed
    76 | D        | Killed an accursed
    78 | D        | Noticed a wretched soul
    78 | D        | Killed an accursed
    79 | D        | Annihilated by a sculptor of flesh

Vault maps used:
D:        meatsprint

Action                   |  1- 3 |  4- 6 |  7- 9 | 10-12 | 13-15 | 16-18 | 19-21 | 22-24 | 25-27 || total
-------------------------+-------+-------+-------+-------+-------+-------+-------+-------+-------++-------
Melee: Executioner's axe |     1 |       |       |       |     4 |     4 |     4 |     8 |    27 ||    48
 Cast: Apportation       |       |       |       |       |       |       |       |     1 |       ||     1
